 Dungeon Crawl Stone Soup version 0.29.1-12-g30fa7ad0bf (webtiles) character file.

Game seed: 13968314325625102651

210 112233 the Magician (level 5, -1/28 HPs)
             Began as a Deep Elf Air Elementalist on Dec 23, 2022.
             Was a Believer of Dithmenos.
             Slain by an ogre
             ... wielding a +0 giant club
              (11 damage)
             ... on level 4 of the Dungeon.
             The game lasted 00:02:08 (4011 turns).

112233 the Magician (Deep Elf Air Elementalist)     Turns: 4011, Time: 00:02:08

Health: -1/28      AC:  5    Str:  5    XL:     5   Next: 56%
Magic:  12/17      EV: 12    Int: 22    God:    Dithmenos [**....]
Gold:   80         SH:  0    Dex: 15    Spells: 13/19 levels left

rFire   . . .      SeeInvis .   (no weapon)
rCold   . . .      Faith    .   (no shield)
rNeg    . . .      Spirit   .   a - +0 robe
rPois   .          Reflect  .   (no helmet)
rElec   .          Harm     .   (no cloak)
rCorr   .          Rampage  .   o - +2 pair of gloves
Will    .....                   (no boots)
Stlth   +++.......              (no amulet)
HPRegen 0.09/turn               (no ring)
MPRegen 0.15/turn               (no ring)

@: wreathed by umbra
A: no striking features
a: Renounce Religion, Shadow Step


You were on level 4 of the Dungeon.
You worshipped Dithmenos.
Dithmenos was pleased with you.
You visited 1 branch of the dungeon, and saw 4 of its levels.

You collected 80 gold pieces.

Inventory:

Armour
 a - a +0 robe (worn)
 e - a +0 pair of gloves
 o - a +2 pair of gloves (worn)
Scrolls
 d - a scroll of enchant armour {unknown}
 g - 2 scrolls of teleportation {unknown}
 h - a scroll of immolation {unknown}
 k - a scroll of fear {unknown}
 l - a scroll of amnesia {unknown}
 m - 2 scrolls of identify {unknown}
 n - a scroll of magic mapping {unknown}
Potions
 b - a potion of magic
 c - 2 potions of attraction {unknown}
 f - a potion of curing {unknown}
 i - 2 potions of flight {unknown}
 j - 2 potions of berserk rage {unknown}


   Skills:
 - Level 2.5 Dodging
 - Level 2.5 Stealth
 + Level 7.7 Spellcasting
 - Level 1.2 Conjurations
 - Level 3.0 Air Magic


You had 13 spell levels left.
You knew the following spells:

 Your Spells              Type           Power      Damage    Failure   Level
a - Shock                 Conj/Air       72%        1d7       3%          1
b - Static Discharge      Conj/Air       18%        3-6/arc   4%          2
c - Swiftness             Air            22%        N/A       6%          3

Your spell library contained the following spells:

 Spells                   Type           Power      Damage    Failure   Level
 Slow                     Hex            32%        N/A       8%          1
 Confusing Touch          Hex            8%         N/A       22%         3
 Vampiric Draining        Necr           8%         2d6       22%         3
 Airstrike                Air            11%        2d(2-18)  22%         4
 Malign Gateway           Summ/Tloc      4%         N/A       100%        7
 Summon Horrible Things   Summ           4%         N/A       100%        8


Dungeon Overview and Level Annotations

Branches:
Dungeon (4/15)
 Temple: D:4-7

Altars:
Dithmenos
Vehumet
Yredelemnul

Annotations:
D:3 1 runed translucent door, Voland's ghost, amateur TeHW


Message History

You are struck by an arc of lightning.
The lightning grounds out.
You feel sick.
You feel sick.
Unknown command.
You feel sick.
You feel sick.
You feel sick.
You are no longer poisoned.
Found a stone staircase leading down.
An ogre comes into view. It is wielding a +0 giant club.
You see here 15 gold pieces.
An ogre is nearby!
An ogre is nearby!
Casting: Static Discharge (safe; 4% risk of failure)
Confirm with . or Enter, or press ? or * to list all spells.
Aiming: Shock (safe; 3% risk of failure)
Press: ? - help, Shift-Dir - straight line, f - ogre
Aim: an ogre, wielding a +0 giant club (asleep, umbra, 100% to hit)
The zap hits the ogre.
The ogre is lightly wounded.
The ogre shouts!
Casting: Shock (safe; 3% risk of failure)
Confirm with . or Enter, or press ? or * to list all spells.
The ogre is struck by an arc of lightning.
The ogre is moderately wounded.
You are struck by an arc of lightning.
The ogre is struck by an arc of lightning!
The ogre is heavily wounded.
You are struck by an arc of lightning.
The lightning grounds out.
The ogre hits you with a +0 giant club!
Unknown command.
Casting: Static Discharge (safe; 4% risk of failure)
Confirm with . or Enter, or press ? or * to list all spells.
The ogre is struck by an arc of lightning!
The ogre is almost dead.
You are struck by an arc of lightning.
The ogre is struck by an arc of lightning.
The ogre is almost dead.
The lightning grounds out.
The ogre hits you with a +0 giant club!
You die...

........#######.# #.#
#......)........# #.#
#..###+#.######.# #.#
#..###.#......#.####.#
#........###.>.... ..#
#......#.# ..#.## ###
#......#.###.....
#..###.#.#.#..#
#..........@..#
...###.#.#.#O##
.......#.#
............
..............
..###.....#.### ..
#.#...#.# #.#...#.#


You could see an ogre.

Vanquished Creatures
  2 iguanas
  4 adders
  3 gnolls (D:3)
  3 worms
  4 orcs (D:3)
  7 ball pythons
  3 bats (D:1)
  11 endoplasms
  5 giant cockroaches
  7 goblins
  4 hobgoblins
  3 jackals (D:1)
  5 kobolds
  3 quokkas (D:1)
  3 frilled lizards
  5 rats
72 creatures vanquished.

Notes
Turn   | Place    | Note
-------+----------+-------------------------------------------
     0 | D:1      | 112233 the Deep Elf Air Elementalist began the quest for
                  | the Orb.
     0 | D:1      | Reached XP level 1. HP: 10/10 MP: 6/6
   154 | D:1      | Found a faded altar of an unknown god.
   182 | D:1      | Prayed at the altar of an unknown god.
   182 | D:1      | Became a worshipper of Dithmenos the Shadowed
   182 | D:1      | Reached * piety under Dithmenos
   243 | D:1      | Reached XP level 2. HP: 15/15 MP: 5/8
   627 | D:1      | Reached skill level 4 in Spellcasting
   893 | D:2      | Reached XP level 3. HP: 16/19 MP: 1/11
  1143 | D:2      | Reached skill level 5 in Spellcasting
  1478 | D:2      | Reached XP level 4. HP: 24/24 MP: 10/13
  1791 | D:2      | Learned a level 2 spell: Static Discharge
  1795 | D:2      | Learned a level 3 spell: Swiftness
  2003 | D:1      | Reached ** piety under Dithmenos
  2010 | D:1      | Reached skill level 6 in Spellcasting
  2792 | D:3      | Found a runed translucent door.
  2811 | D:3      | Noticed Voland's ghost (amateur TeHW)
  3013 | D:3      | Found a basalt altar of Yredelemnul.
  3236 | D:3      | Reached skill level 7 in Spellcasting
  3236 | D:3      | Reached XP level 5. HP: 28/28 MP: 9/16
  3721 | D:4      | Found a radiant altar of Vehumet.
  4007 | D:4      | Noticed an ogre
  4011 | D:4      | Slain by an ogre

Illustrated notes

Levels and vault maps discovered:
D:1:      giann_forest_graveyard, layout_basic,
          hellmonk_ecumenical_altar_crossroads, grunt_decor_arrowhead,
          chequers_serial_rivers_marsh, minmay_misc_feat_secret_circle,
          nicolae_wormholes
D:2:      layout_loops_ring
D:3:      layout_loops_ring, mainiacjoe_overflow_brackets,
          gammafunk_ghost_grave, st_stairs_10, grunt_ministairs_3,
          chequers_serial_rivers_small_a
D:4:      layout_basic, lemuel_round_altar, general_overflow_altar,
          minmay_temple_entry_antechambers, serial_shops, nicolae_shop_stone,
          uniq_natasha, uniq_sigmund

Skill      XL: |  1  2  3  4 |
---------------+-------------+-----
Spellcasting   | 4 5 7 |  7.7
Dodging        | |  2.5
Stealth        | |  2.5
Conjurations   | |  1.2
Air Magic      | |  3.0

Action                   |  1- 3 |  4- 6 || total
-------------------------+-------+-------++-------
 Cast: Shock             |    71 |    90 ||   161
       Static Discharge  |       |     9 ||     9
Armor: Robe              |     2 |     1 ||     3
Dodge: Dodged            |     8 |     8 ||    16
